 Dungeon Crawl Stone Soup version 0.21-a0-504-g2eda330 (webtiles) character file.

8443 kae the Grappler (level 11, 0/110 HPs)
             Began as a Troll Monk on Nov 26, 2017.
             Was a Priest of Wu Jian.
             Slain by a gnoll sergeant
             ... wielding a +7 spear of venom
              (15 damage)
             ... on level 12 of the Dungeon.
             The game lasted 00:16:38 (8113 turns).

kae the Grappler (Troll Monk)                       Turns: 8113, Time: 00:16:39

Health: 0/110      AC:  7    Str: 21    XL:     11   Next: 10%
Magic:  10/10      EV: 14    Int:  6    God:    Wu Jian [***...]
Gold:   417        SH:  4    Dex: 15    Spells: 10/10 levels left

rFire    . . .     SeeInvis +     - Unarmed
rCold    . . .     Gourm    +   (no shield)
rNeg     + . .     Faith    .   a - +0 robe
rPois    .         Spirit   .   (helmet restricted)
rElec    .         Reflect  +   x - +1 cloak
rCorr    .         Harm     .   (gloves unavailable)
MR       .....                  (boots unavailable)
Stlth    +++.......             g - amulet "Pirihy" {Reflect Fragile rN+ SH+4 Stlth+}
HPRegen  0.68/turn              n - ring of see invisible
MPRegen  0.12/turn              u - +1 ring of slaying

@: lethally poisoned (0 -> -29), about to teleport
A: large, unfitting armour, claws 3, fast metabolism 3, gourmand, regeneration
1, shaggy fur 1, tough skin 2
a: Serpent's Lash, Renounce Religion


You were on level 12 of the Dungeon.
You worshipped Wu Jian.
Wu Jian was most pleased with you.
You were very full.

You visited 2 branches of the dungeon, and saw 11 of its levels.

You collected 417 gold pieces.

Inventory:

Armour
 a - a +0 robe (worn)
 x - a +1 cloak (worn)
Jewellery
 g - the amulet "Pirihy" (around neck) {Reflect Fragile rN+ SH+4 Stlth+}
   (You acquired it on level 7 of the Dungeon)

   [amulet of reflection]

   It shields you and reflects attacks.
   It protects you from negative energy.
   It will be destroyed if unequipped.
   It affects your SH (+4).
   It makes you more stealthy.
 n - a ring of see invisible (left claw)
 o - an uncursed ring of magical power
 u - a +1 ring of slaying (right claw)
Wands
 k - a wand of clouds (5)
Scrolls
 h - 6 scrolls of teleportation
 q - a scroll of magic mapping
 t - a scroll of blinking {unknown}
 v - a scroll of fog
 w - a scroll of silence {unknown}
 y - 5 scrolls of remove curse
 A - 2 scrolls of identify
 C - 2 scrolls of acquirement
 F - a scroll of enchant weapon {unknown}
Potions
 c - 4 potions of agility
 d - a potion of magic
 e - 3 potions of haste
 f - 2 potions of flight
 i - 2 potions of cancellation
 j - a potion of brilliance
 p - 5 potions of curing
 r - 2 potions of heal wounds
 z - a potion of lignification
Books
 B - a book of Battle

   Spells                             Type                      Level
   a - Infusion                       Charms                       1
   b - Shroud of Golubria             Charms/Translocation         2
   c - Song of Slaying                Charms                       2
   d - Spectral Weapon                Hexes/Charms                 3
   e - Regeneration                   Charms/Necromancy            3
 E - a book of the Earth

   Spells                             Type                      Level
   a - Leda's Liquefaction            Hexes/Earth                  4
   b - Bolt of Magma                  Conjuration/Fire/Earth       5
   c - Statue Form                    Transmutation/Earth          6
   d - Iron Shot                      Conjuration/Earth            6
   e - Shatter                        Earth                        9
Comestibles
 b - 5 bread rations
 l - 5 royal jellies
 m - 6 meat rations
 s - 2 fruits
 D - 6 chunks of flesh


   Skills:
 + Level 7.7 Fighting
 + Level 7.6 Dodging
 - Level 1.0 Stealth
 * Level 12.3 Unarmed Combat


You had 10 spell levels left.
You didn't know any spells.

Dungeon Overview and Level Annotations

Branches:
Dungeon (9/15)             Temple (1/1) D:7            Lair (0/6) D:9
    Orc (0/2) D:12

Altars:
Cheibriados
Dithmenos
Elyvilon
Fedhas
Gozag
Hepliaklqana
Kikubaaqudgha
Makhleb
Okawaru
Qazlal
Ru
Sif Muna
Trog
Uskayaw
Vehumet
Wu Jian
Xom
Yredelemnul
Zin
The Shining One

Shops:
D:6 }   D:8 [

Annotations:
D:5 Edmund


Innate Abilities, Weirdness & Mutations

You are too large for most types of armour.
You have claws for hands.
Your metabolism is lightning-fast.
You like to eat raw meat.
Your natural rate of healing is unusually fast.
You are covered in fur. (AC +1)
You have very tough skin. (AC +2)


Message History

* * * LOW HITPOINT WARNING * * *
Okay, then.
You feel much better.
You feel very sick.
The howler monkey completely misses you.
The gnoll sergeant completely misses you.
The orc priest invokes the aid of Beogh against you.
Beogh smites you!
* * * LOW HITPOINT WARNING * * *
The gnoll sergeant closely misses you. The howler monkey hits you.
* * * LOW HITPOINT WARNING * * *
As you read the scroll of teleportation, it crumbles to dust.
You feel strangely unstable.
* * * LOW HITPOINT WARNING * * *
You feel very sick.
The gnoll sergeant hits you but does no damage.
You are more poisoned.
The howler monkey hoots and howls with incredible vigour!
The gnoll sergeant hits you from afar with a spear of venom!
You die... ...# #.........####)'.......#. #### ########### ###.......'. #8..%8# #.......## #.oogo# ####'#### #O.oTo#

#..# #.Kg.o ##.# 8g.. #.#
#..###o##### #######.####
'.oooogg@h.###...........
#..#######...............
#####...........
#..........> ############


You could see 2 gnoll sergeants, a howler monkey, 2 orc priests, a gnoll and 3
orcs.

Vanquished Creatures
  2 two-headed ogres
  The ghost of anet the Vexing, a novice DEWz of Ashenzari (D:8)
  Maurice (D:8)
  A komodo dragon (D:8)
  A hippogriff (D:8)
  A slime creature (D:8)
  Sigmund (D:4)
  A shadow (D:12)
  4 yaks (D:9)
  A vampire mosquito (D:8)
  A hungry ghost (D:7)
  4 orc warriors
  A porcupine (D:9)
  2 black bears
  6 ice beasts
  A phantom (D:5)
  8 ogres
  2 sky beasts
  A centaur (D:5)
  A crocodile (D:9)
  7 bullfrogs
  A wyvern zombie (D:8)
  A water moccasin skeleton (D:8)
  A scorpion (D:7)
  5 wights
  4 howler monkeys
  5 hounds
  A centaur zombie (D:12)
  A gnoll shaman (D:8)
  5 bullfrog skeletons
  3 orc priests
  3 centaur skeletons
  4 orc wizards
  7 worker ants
  2 worker ant zombies
  4 gnolls (D:4)
  A howler monkey skeleton (D:4)
  7 adders
  A shadow imp (D:8)
  2 oozes
  An adder skeleton (D:6)
  A worm (D:3)
  A dart slug (D:1)
  5 leopard geckos
  20 orcs
  A ball python (D:3)
  5 bats
  6 giant cockroaches
  A goblin (D:2)
  5 hobgoblins
  21 jackals
  3 quokkas
  12 frilled lizards
  A jackal zombie (D:5)
  5 kobolds
  23 rats
  A plant (D:9)
218 creatures vanquished.

Notes
Turn   | Place    | Note
-------+----------+-------------------------------------------
     0 | D:1      | kae the Troll Monk began the quest for the Orb.
     0 | D:1      | Reached XP level 1. HP: 22/22 MP: 0/0
   162 | D:1      | Reached XP level 2. HP: 29/29 MP: 1/1
   518 | D:1      | Found a sacrificial altar of Ru.
   520 | D:1      | Found a snail-covered altar of Cheibriados.
   520 | D:1      | Found an iron altar of Okawaru.
   522 | D:1      | Found a shimmering altar of Xom.
   522 | D:1      | Found a shadowy altar of Dithmenos.
   522 | D:1      | Found a blossoming altar of Fedhas.
  1161 | D:2      | Reached XP level 3. HP: 36/36 MP: 2/2
  1541 | D:3      | Reached skill level 4 in Unarmed Combat
  1608 | D:3      | Reached XP level 4. HP: 26/44 MP: 3/3
  1725 | D:3      | Found a basalt altar of Yredelemnul.
  2121 | D:4      | Noticed Sigmund
  2130 | D:4      | Killed Sigmund
  2130 | D:4      | Reached skill level 5 in Unarmed Combat
  2130 | D:4      | Reached XP level 5. HP: 43/53 MP: 4/4
  2162 | D:4      | Reached XP level 6. HP: 36/61 MP: 5/5
  2506 | D:4      | Found an opulent altar of Gozag.
  2703 | D:5      | Entered Level 5 of the Dungeon
  2703 | D:5      | Noticed Edmund
  2703 | D:5      | Noticed an ice beast
  2727 | D:5      | Killed an ice beast
  2727 | D:5      | Reached skill level 6 in Unarmed Combat
  2801 | D:5      | Reached XP level 7. HP: 46/68 MP: 6/6
  3440 | D:5      | Reached skill level 7 in Unarmed Combat
  3723 | D:6      | Reached XP level 8. HP: 53/79 MP: 7/7
  4222 | D:6      | Reached skill level 5 in Fighting
  4222 | D:6      | Reached skill level 8 in Unarmed Combat
  4227 | D:6      | Reached skill level 5 in Dodging
  4383 | D:6      | Found Zaemoc's Gadget Shoppe.
  4777 | D:7      | Found a staircase to the Ecumenical Temple.
  4787 | D:7      | Found a blossoming altar of Fedhas.
  4812 | D:7      | Identified a scroll of acquirement
  4813 | D:7      | Got a crude tin amulet
  4814 | D:7      | Identified the amulet "Pirihy" {Reflect Fragile rN+ SH+4 Stlth+} (You acquired it on level 7 of the Dungeon)
  4822 | Temple   | Entered the Ecumenical Temple
  4884 | Temple   | Became a worshipper of the Wu Jian Council
  4884 | Temple   | Reached * piety under Wu Jian
  4884 | Temple   | Reached ** piety under Wu Jian
  5047 | D:7      | Found a stormy altar of Qazlal.
  5256 | D:7      | Found a hide-covered altar of Uskayaw.
  5529 | D:7      | Reached skill level 9 in Unarmed Combat
  5529 | D:7      | Reached XP level 9. HP: 88/88 MP: 8/8
  6219 | D:8      | Found a bloodstained altar of Trog.
  6256 | D:8      | Noticed anet's ghost (novice DEWz)
  6282 | D:8      | Killed anet's ghost
  6282 | D:8      | Reached skill level 10 in Unarmed Combat
  6393 | D:8      | Noticed Maurice
  6394 | D:8      | Noticed a komodo dragon
  6409 | D:8      | Found Boezoum's Antique Armour Shoppe.
  6410 | D:8      | Found a hazy altar of Hepliaklqana.
  6460 | D:8      | Noticed a two-headed ogre
  6467 | D:8      | Killed a two-headed ogre
  6467 | D:8      | Reached XP level 10. HP: 64/100 MP: 9/9
  6575 | D:8      | Found a snail-covered altar of Cheibriados.
  6827 | D:8      | Killed Maurice
  6827 | D:8      | Reached skill level 11 in Unarmed Combat
  7429 | D:9      | Found a staircase to the Lair.
  7462 | D:9      | You fall through a shaft for 3 floors!
  7462 | D:12     | Reached *** piety under Wu Jian
  7552 | D:12     | Noticed a two-headed ogre
  7567 | D:12     | Killed a two-headed ogre
  7567 | D:12     | Reached skill level 12 in Unarmed Combat
  7813 | D:12     | Reached XP level 11. HP: 109/109 MP: 10/10
  8081 | D:12     | Found a staircase to the Orcish Mines.
  8111 | D:12     | HP: 4/110 [orc priest/divine providence (12)]
  8113 | D:12     | Slain by a gnoll sergeant

Vault maps used:
D:1:      lemuel_arrival_lava_pool, serial_bayou_lagoon_a, doesnt_xom_only_xom
D:2:      serial_bayou_pond_e, minmay_rat_hole
D:3:      yredelemnul_altar_generic, minmay_lizard_king
D:4:      kennysheep_mini, first_bread, uniq_sigmund
D:5:      uniq_edmund
D:6:      serial_shops, shop
D:7:      eat_drink_and_be_merry_uskayaw, nicolae_qazlal_general_emergency,
          temple_pool_b, fedhas_altar_1
D:8:      wad_arrow_thing, grunt_temple_overflow_open, serial_shops,
          nicolae_shop_trees, uniq_maurice
D:9:      nemelex_xobeh_ov_fountains_minmay, gammafunk_temple_overflow_arena,
          grunt_lair_entry_orc_guard_hut, dk_vineyard_2
D:12:     kennysheep_orc_monster_closet_entryway
Temple:   dshaligram_water_room_temple

Skill      XL: |  1  2  3  4  5  6  7  8  9 10 |
---------------+-------------------------------+-----
Unarmed Combat | 4 5 6 7 9 10 12 | 12.3
Fighting       | 3 4 5 6 7 |  7.7
Dodging        | 3 4 5 6 7 |  7.6
Stealth        | |  1.0

Action                   |  1- 3 |  4- 6 |  7- 9 | 10-12 || total
-------------------------+-------+-------+-------+-------++-------
Melee: Unarmed           |   144 |   109 |   279 |   185 ||   717
       Punch             |       |     2 |    14 |     7 ||    23
  Use: Scroll            |       |     6 |    12 |     3 ||    21
       Potion            |       |       |     3 |     3 ||     6
 Stab: Sleeping          |     4 |     1 |     4 |     6 ||    15
       Distracted        |       |       |     2 |       ||     2
  Eat: Chunk             |    20 |    11 |    35 |    17 ||    83
       Bread ration      |       |       |     1 |       ||     1
Armor: Robe              |    47 |    31 |    49 |    16 ||   143
Dodge: Dodged            |    78 |    61 |   135 |    74 ||   348
Block: Other             |       |       |    11 |    22 ||    33
       Reflection        |       |       |       |     2 ||     2

Table legend:
 A = Spawn XP
 B = Non-spawn XP
 C = Spawn XP percentage of total XP
 D = Spawn monster count
 E = Non-spawn monster count
 F = Spawn count percentage of total count
 G = Total turns spent on level
                    A         B        C        D         E        F      G
               +---------+---------+-------+---------+---------+-------+---------
         Total |       0 |   12062 |   0.0 |       0 |     217 |   0.0 |  8113
               +---------+---------+-------+---------+---------+-------+---------
           D:1 |       0 |      23 |   0.0 |       0 |      11 |   0.0 |   697
           D:2 |       0 |      34 |   0.0 |       0 |      29 |   0.0 |   815
           D:3 |       0 |      54 |   0.0 |       0 |      27 |   0.0 |   500
           D:4 |       0 |     426 |   0.0 |       0 |      17 |   0.0 |   691
           D:5 |       0 |     768 |   0.0 |       0 |      14 |   0.0 |   896
           D:6 |       0 |     981 |   0.0 |       0 |      32 |   0.0 |  1155
           D:7 |       0 |     794 |   0.0 |       0 |      11 |   0.0 |  1260
           D:8 |       0 |    4403 |   0.0 |       0 |      35 |   0.0 |  1078
           D:9 |       0 |    1598 |   0.0 |       0 |      12 |   0.0 |   294
          D:12 |       0 |    2981 |   0.0 |       0 |      29 |   0.0 |   651
               +---------+---------+-------+---------+---------+-------+---------
